 Dungeon Crawl Stone Soup version 0.22-a0-448-g1fb7470 (webtiles) character file.

22173 4thArraOfDagon the Arsonist (level 12, -2/126 HPs)
             Began as an Ogre Fire Elementalist on June 4, 2018.
             Was the Champion of Vehumet.
             Slain by a very large slime creature (32 damage)
             ... on level 12 of the Dungeon.
             The game lasted 00:45:38 (9944 turns).

4thArraOfDagon the Arsonist (OgFE)                  Turns: 9944, Time: 00:45:39

Health: -2/126     AC:  6    Str: 18    XL:     12   Next: 97%
Magic:  1/26       EV:  9    Int: 20    God:    Vehumet [******]
Gold:   584        SH:  0    Dex:  9    Spells: 18/31 levels left

rFire    + . .     SeeInvis .   Q - +5 scythe "Finisher" {speed, Str+3}
rCold    x . .     Gourm    .   (shield currently unavailable)
rNeg     + . .     Faith    +   C - +0 troll leather armour
rPois    .         Spirit   .   (helmet restricted)
rElec    .         Reflect  .   G - +0 cloak
rCorr    .         Harm     .   (gloves unavailable)
MR       +....                  (boots unavailable)
Stlth    +.........             u - amulet of faith
HPRegen  0.71/turn              b - ring of fire
MPRegen  0.20/turn              y - ring of positive energy

@: no status effects
A: large, unfitting armour, tough skin 1
a: Renounce Religion


You were on level 12 of the Dungeon.
You worshipped Vehumet.
Vehumet was exalted by your worship.
You were not hungry.

You visited 2 branches of the dungeon, and saw 13 of its levels.

You collected 883 gold pieces.
You spent 299 gold pieces at shops.

Inventory:

Hand Weapons
 h - a +1 dagger of venom
 x - a +0 giant club
 E - a +2 dire flail of holy wrath
 H - a +5 giant club
 N - a +0 blowgun
 P - a +2 eveningstar of protection
 Q - the +5 scythe "Finisher" (weapon) {speed, Str+3}
   (You found it on level 11 of the Dungeon)

   Attacks with this weapon are significantly faster.
   It affects your strength (+3).
Missiles
 D - a throwing net (quivered)
 R - 4 curare-tipped needles
Armour
 p - a +1 robe of resistance
 C - a +0 troll leather armour (worn)
 G - a +0 cloak (worn)
Magical Staves
 J - an uncursed staff of conjuration {!a}
Jewellery
 b - a ring of fire (left hand)
 q - an uncursed ring of flight
 u - an amulet of faith (around neck)
 y - a ring of positive energy (right hand)
 B - an uncursed ring of ice
Wands
 l - a wand of paralysis (19)
 w - a wand of flame (48)
 F - a wand of disintegration (12)
 L - a wand of enslavement (2)
 T - a wand of acid (5)
Scrolls
 d - 5 scrolls of immolation {unknown}
 e - 2 scrolls of teleportation
 g - 2 scrolls of noise
 i - 2 scrolls of enchant weapon {unknown}
 j - a scroll of fog
 k - 3 scrolls of magic mapping
 m - a scroll of enchant armour {unknown}
 o - 3 scrolls of blinking {unknown}
 r - 2 scrolls of remove curse
 s - 3 scrolls of amnesia
 A - a scroll of random uselessness
 I - 2 scrolls of fear {unknown}
 M - 3 scrolls of identify
Potions
 a - 2 potions of might
 f - a potion of haste
 n - 4 potions of heal wounds
 t - 3 potions of curing
 v - 2 potions of flight
 z - a potion of invisibility
 K - a potion of magic
 O - a potion of brilliance
Comestibles
 c - 17 rations
 S - 7 chunks of flesh


   Skills:
 + Level 9.7 Fighting
 - Level 1.7 Dodging
 - Level 1.4 Stealth
 + Level 10.0 Spellcasting
 * Level 11.5 Conjurations
 * Level 11.9 Fire Magic


You had 18 spell levels left.
You knew the following spells:

 Your Spells              Type           Power        Failure   Level  Hunger
a - Flame Tongue          Conj/Fire      #####        1%          1    None
b - Conjure Flame         Conj/Fire      ######..     1%          3    None
c - Sticky Flame          Conj/Fire      ######..     1%          4    ##.....
d - Fireball              Conj/Fire      ######....   1%          5    ####...

Your spell library contained the following spells:

 Spells                   Type           Power        Failure   Level  Hunger
 Throw Flame              Conj/Fire      ######       1%          2    None
 Inner Flame              Hex/Fire       ######..     1%          3    None


Dungeon Overview and Level Annotations

Branches:
Dungeon (12/15)            Temple (1/1) D:5            Lair (0/6) D:10
    Orc: D:9-12

Altars:
Elyvilon
Fedhas
Makhleb
Nemelex Xobeh
Okawaru
Qazlal
Ru
Vehumet
The Shining One

Shops:
D:6 *


Innate Abilities, Weirdness & Mutations

You are too large for most types of armour.
You have tough skin. (AC +1)


Message History

The bolt of acid hits the slime creature.
The slime creature is splashed with acid.
The acid corrodes the slime creature!
The slime creature is heavily wounded.
Two slime creatures merge to form a very large slime creature.
The yak gores you! The slime creature hits you.
Unknown command.
Unknown command.
Evoke which item? (* to show all) (? for menu, Esc to quit)
Aiming: Corrosive Bolt
Press: ? - help, Shift-Dir - straight line, f/p - very large slime creature
Aim: a very large slime creature (almost dead, covered in acid)
The bolt of acid hits the very large slime creature.
The very large slime creature is splashed with acid.
The acid corrodes the very large slime creature!
The very large slime creature is almost dead.
The yak gores you!
* * * LOW HITPOINT WARNING * * *
The very large slime creature hits you!!
You die...

#.## ##'###### ##+####
........# #.....###
...)....########.....'..
).......#..J.J.Y.....#
...>....'.######.....#
).)...(.### #..[..#
........# #JY...#
........# #@J...#
........# #.....#
........# #.....#
######### #######


You could see a very large slime creature, a slime creature and 2 yaks.

Vanquished Creatures
  Fannar (D:9)
  Erolcha (D:10)
  A hydra (D:12)
  3 two-headed ogres
  Urug (D:11)
  Sonja (D:12)
  An unseen horror (D:10)
  The ghost of TheNamelessOne the Martial Artist, a novice OpTm of Cheibriados (D:7)
  3 orc knights (D:8)
  3 deep elf magi
  2 cyclopes
  An ugly thing (D:12)
  Maurice (D:9)
  Joseph (D:8)
  A kobold demonologist (D:11)
  A troll (D:11)
  3 meliai (D:12)
  A hippogriff (D:12)
  4 wraiths (D:11)
  9 yaks
  A wyvern (D:8)
  Grum (D:8)
  17 wargs
  2 water moccasins
  2 sky beasts
  9 orc warriors
  A hornet zombie (D:11)
  A black bear (D:7)
  An eye of draining (D:12)
  A necrophage (D:7)
  A phantom (D:7)
  3 wolves (D:8)
  7 centaurs
  5 ogres
  A crocodile (D:12)
  4 big kobolds
  8 bullfrogs
  A gnoll sergeant (D:9)
  A wyvern zombie (D:9)
  3 scorpions
  14 killer bees
  4 wights (D:7)
  3 howler monkeys
  3 crimson imps
  2 bullfrog zombies
  4 hounds
  7 orc priests
  2 jellies (D:7)
  A bullfrog skeleton (D:10)
  4 iguanas
  16 orc wizards
  Jessica (D:2)
  2 worker ants
  A hound skeleton (D:6)
  4 worker ant zombies
  Robin (D:2)
  3 gnolls (D:9)
  8 adders
  3 oozes
  An adder zombie (D:8)
  6 worms
  3 dart slugs
  6 leopard geckos
  88 orcs
  A ball python (D:5)
  4 bats
  6 giant cockroaches
  8 hobgoblins
  6 jackals
  28 kobolds
  8 quokkas
  3 frilled lizards
  12 goblins
  2 quokka skeletons
  7 rats
  2 fungi (D:8)
384 creatures vanquished.

Vanquished Creatures (collateral kills)
  An orc (D:9)
1 creature vanquished.

Vanquished Creatures (others)
  2 water moccasins
  A centaur (D:9)
3 creatures vanquished.

Grand Total: 388 creatures vanquished

Notes
Turn   | Place    | Note
-------+----------+-------------------------------------------
     0 | D:1      | 4thArraOfDagon the Ogre Fire Elementalist began the quest for the Orb.
     0 | D:1      | Reached XP level 1. HP: 16/16 MP: 3/3
    85 | D:1      | Reached skill level 1 in Conjurations
   158 | D:2      | Reached XP level 2. HP: 16/24 MP: 2/5
   185 | D:2      | Noticed Jessica
   192 | D:2      | Killed Jessica
   192 | D:2      | Reached XP level 3. HP: 12/31 MP: 2/7
   206 | D:2      | Learned a level 3 spell: Conjure Flame
   384 | D:4      | Noticed a phantom
   834 | D:4      | Reached XP level 4. HP: 29/39 MP: 3/8
   845 | D:4      | Learned a level 4 spell: Sticky Flame
   861 | D:5      | Entered Level 5 of the Dungeon
   952 | D:5      | Found a staircase to the Ecumenical Temple.
   959 | Temple   | Entered the Ecumenical Temple
   964 | Temple   | Became a worshipper of Vehumet
  1003 | D:5      | Noticed an ice beast
  1531 | D:2      | Noticed Robin
  1597 | D:2      | Killed Robin
  1789 | D:2      | Reached XP level 5. HP: 45/45 MP: 9/9
  1798 | D:2      | Reached * piety under Vehumet
  1798 | D:2      | Offered knowledge of Shock by Vehumet.
  3317 | D:5      | Noticed a sky beast
  3339 | D:5      | Killed a sky beast
  3339 | D:5      | Reached XP level 6. HP: 48/53 MP: 4/11
  3477 | D:5      | Reached ** piety under Vehumet
  3477 | D:5      | Reached XP level 7. HP: 50/59 MP: 2/13
  3593 | D:6      | Noticed a seven-headed hydra
  3685 | D:6      | Found Qyssi's Hallowed Reliquary.
  3685 | D:6      | Found a glowing golden altar of the Shining One.
  3685 | D:6      | Noticed an angel
  3749 | D:6      | Bought 2 potions of heal wounds for 130 gold pieces
  3749 | D:6      | Bought a potion of heal wounds for 65 gold pieces
  3784 | D:6      | Ge0ff: club of holy wrath
  3806 | D:6      | Ge0ff: the ultimate weapon
  3824 | D:6      | Offered knowledge of Searing Ray by Vehumet.
  3824 | D:6      | Reached skill level 5 in Fire Magic
  3905 | D:6      | Learned a level 5 spell: Fireball
  4453 | D:7      | Noticed TheNamelessOne's ghost (novice OpTm)
  4481 | D:6      | Reached skill level 5 in Conjurations
  4481 | D:6      | Reached XP level 8. HP: 62/67 MP: 9/15
  4581 | D:7      | Reached skill level 5 in Spellcasting
  4877 | D:6      | Bought a potion of curing for 39 gold pieces
  4877 | D:6      | Bought a potion of heal wounds for 65 gold pieces
  4972 | D:7      | Offered knowledge of Ignite Poison by Vehumet.
  4986 | D:8      | Noticed Joseph
  4999 | D:8      | Killed Joseph
  5025 | D:8      | Reached XP level 9. HP: 48/75 MP: 8/17
  5109 | D:8      | Reached skill level 1 in Fighting
  5254 | D:7      | Reached *** piety under Vehumet
  5430 | D:7      | Offered knowledge of Throw Icicle by Vehumet.
  5588 | D:7      | Found a sparkling altar of Nemelex Xobeh.
  5777 | D:7      | Killed TheNamelessOne's ghost
  5991 | D:8      | Reached XP level 10. HP: 81/93 MP: 14/20
  6193 | D:8      | Reached **** piety under Vehumet
  6205 | D:8      | Reached skill level 5 in Fighting
  6510 | D:8      | Noticed Grum
  6531 | D:8      | Killed Grum
  6531 | D:8      | Offered knowledge of Bolt of Draining by Vehumet.
  6723 | D:8      | p0werm0de: !polymorph ge0ff
  6726 | D:8      | XtahuaRules: p0werm0de zaps a wand. ge0ff evaporates and reforms as a death yak!
  6755 | D:8      | Ge0ff: !glaciate p0werm0de
  6758 | D:8      | XtahuaRules: Ge0ff points at p0werm0de and mumbles some strange words. Ge0ff conjures a mighty blast of ice! The great icy blast engulfs p0werm0de!
  6766 | D:8      | p0werm0de: you're conquering the 0.21 board on underhound i see :P @ge0ff
  6817 | D:8      | p0werm0de: death yak too stoopid to glaciate
  6830 | D:8      | Noticed an orc knight
  6831 | D:8      | Noticed an orc knight
  6847 | D:8      | p0werm0de: @??death yak
  6847 | D:8      | XtahuaRules: death yak (Y)
                  | Spd:
    10 | HD: 14   | HP: 61-91
                  | AC/EV: 9/5
                  | Dam: 30
                  | Res: magic(100)
                  | Chunks: noxious
                  | XP:
   871 | Sz: Big  | Int: animal.
  6847 | D:8      | Killed an orc knight
  7025 | D:8      | Noticed an orc knight
  7040 | D:8      | Reached ***** piety under Vehumet
  7052 | D:8      | Ge0ff: At least they have a good MR
  7079 | D:8      | Killed an orc knight
  7079 | D:8      | Reached XP level 11. HP: 34/107 MP: 7/23
  7155 | D:8      | Offered knowledge of Poison Arrow by Vehumet.
  7159 | D:8      | p0werm0de: my polymorph has xom spellp0wer, though
  7206 | D:8      | p0werm0de: !polymorph Death Yak
  7206 | D:8      | XtahuaRules: p0werm0de zaps a wand. Death evaporates and reforms as a Yak!
  7219 | D:8      | p0werm0de: low
  7242 | D:8      | Ge0ff: :(
  7248 | D:8      | Noticed an orc knight
  7259 | D:8      | Killed an orc knight
  7385 | D:9      | Ge0ff: wait, you poly'ed "Death", not a death yak!
  7405 | D:9      | Ge0ff: !polymorph death_yak
  7405 | D:9      | XtahuaRules: Ge0ff zaps a wand. death_yak evaporates and reforms as an alligator!
  7420 | D:9      | Ge0ff: that's better
  7449 | D:9      | Found an iron altar of Okawaru.
  7456 | D:9      | p0werm0de: lel
  7478 | D:9      | Ge0ff: now I can into a sprint and will still your WR!
  7499 | D:9      | p0werm0de: another one trying,yawn
  7580 | D:9      | Noticed Maurice
  7602 | D:9      | Killed Maurice
  7602 | D:9      | Reached skill level 10 in Fire Magic
  7631 | D:9      | Ge0ff: where's your joint WR-run discussion with UV4?
  7678 | D:10     | Entered Level 10 of the Dungeon
  7678 | D:10     | Noticed Fannar
  7683 | D:10     | p0werm0de: https://www.spektrum.de/fm/912/thumbnails/Impakt-iStock-167245459_solarseven.jpg.4586534.jpg
  7685 | D:9      | Killed Fannar
  7728 | D:9      | p0werm0de: i decided to cancel it
  7735 | D:10     | Ge0ff: :(
  7741 | D:10     | p0werm0de: manman didnt have time again yesterday
  7749 | D:10     | p0werm0de: and i was feelin bad about it
  7800 | D:10     | Noticed a two-headed ogre
  7805 | D:10     | p0werm0de: with demise being emotionally instable about the rules etc
  7818 | D:10     | p0werm0de: don't need that bs
  7821 | D:10     | Killed a two-headed ogre
  7904 | D:10     | p0werm0de: it's more a possibility to play less crawl now, for me
  7921 | D:10     | p0werm0de: summer and wr great
  7925 | D:10     | Noticed an unseen horror
  7929 | D:10     | Killed an unseen horror
  7929 | D:10     | Reached skill level 10 in Conjurations
  7970 | D:10     | Found a staircase to the Lair.
  8010 | D:10     | Noticed Erolcha
  8013 | D:10     | Killed Erolcha
  8156 | D:10     | p0werm0de: also dynast helped me with his 30 min mifi win
  8177 | D:10     | p0werm0de: theres nothing to say
  8253 | D:10     | Offered knowledge of Iskenderun's Mystic Blast by Vehumet.
  8458 | D:9      | Noticed a deep elf mage
  8462 | D:9      | Killed a deep elf mage
  8545 | D:9      | Noticed a two-headed ogre
  8571 | D:9      | Killed a two-headed ogre
  8571 | D:9      | Reached XP level 12. HP: 68/120 MP: 11/25
  8936 | D:11     | Noticed Urug
  8947 | D:11     | Killed Urug
  9250 | D:11     | Found the +5 scythe "Finisher" {speed, Str+3}
  9288 | D:11     | p0werm0de: scythe ogre very nice
  9366 | D:11     | Noticed a two-headed ogre
  9386 | D:11     | Killed a two-headed ogre
  9487 | D:12     | Noticed Sonja
  9492 | D:12     | Killed Sonja
  9792 | D:12     | Offered knowledge of Irradiate by Vehumet.
  9821 | D:12     | Ge0ff: bees everywhere
  9840 | D:12     | Noticed a four-headed hydra
  9849 | D:12     | Killed a four-headed hydra
  9912 | D:12     | Reached skill level 10 in Spellcasting
  9916 | D:12     | Reached ****** piety under Vehumet
  9944 | D:12     | Slain by a very large slime creature

Vault maps used:
D:1:      co_arrival_random_square_maze
D:2:      corexii_leaking_fountain, uniq_jessica, uniq_robin
D:3:      wad_orctagon
D:4:      hangedman_glass_teeth, lightli_corner_chamber
D:5:      minmay_temple_entry_glass, serial_shops, kennysheep_little_box,
          first_ration, kennysheep_generic_room_4
D:6:      nicolae_good_shop
D:7:      grunt_ogre_cave, hex_medium, nemelex_dance_club_becter
D:8:      lemuel_castle_with_subvaults, minmay_gold_behind_fungi, uniq_joseph,
          uniq_grum
D:9:      okawaru_gym_becter, guppyfry_early_elven_hall, uniq_maurice
D:10:     erik_lair_orcish_takeover, uniq_fannar, uniq_erolcha
D:11:     minmay_guarded_unrand_finisher, uniq_urug
D:12:     erik_orc_1, spider_trap, uniq_sonja
Temple:   grunt_wide_crystal_templ

Skill      XL: |  1  2  3  4  5  6  7  8  9 10 11 12 |
---------------+-------------------------------------+-----
Conjurations   | 1 2 3 4 5 6 7 9 10 11 | 11.5
Fire Magic     | 3 4 5 7 8 9 10 11 | 11.9
Spellcasting   | 3 4 5 6 8 9 10 | 10.0
Fighting       | 4 6 8 9 |  9.7
Dodging        | |  1.7
Stealth        | |  1.4

Action                   |  1- 3 |  4- 6 |  7- 9 | 10-12 || total
-------------------------+-------+-------+-------+-------++-------
Melee: Club              |    17 |       |       |       ||    17
       War axe           |     5 |    72 |       |       ||    77
       Dagger            |       |    57 |   113 |    20 ||   190
       Dire flail        |       |       |       |    73 ||    73
       Unarmed           |       |       |       |    12 ||    12
       Giant club        |       |       |       |    68 ||    68
       Staff             |       |       |       |     1 ||     1
       Scythe            |       |       |       |    80 ||    80
 Cast: Flame Tongue      |    35 |    62 |    81 |   118 ||   296
       Conjure Flame     |       |     4 |     9 |    23 ||    36
       Sticky Flame      |       |     2 |    19 |    41 ||    62
       Fireball          |       |       |     3 |    77 ||    80
Evoke: Wand              |       |     1 |     3 |    13 ||    17
  Use: Scroll            |       |     7 |     5 |    10 ||    22
       Potion            |       |       |     4 |     5 ||     9
 Stab: Sleeping          |       |     4 |       |     1 ||     5
       Paralysed         |       |     2 |       |     9 ||    11
  Eat: Chunk             |       |     9 |    10 |    31 ||    50
       Ration            |       |       |     2 |     1 ||     3
Armor: Robe              |    14 |    43 |    30 |    68 ||   155
       Skin              |       |       |       |    25 ||    25
       Troll leather arm |       |       |       |    42 ||    42
Dodge: Dodged            |    26 |    89 |    86 |   171 ||   372

Table legend:
 A = Spawn XP
 B = Non-spawn XP
 C = Spawn XP percentage of total XP
 D = Spawn monster count
 E = Non-spawn monster count
 F = Spawn count percentage of total count
 G = Total turns spent on level
                    A         B        C        D         E        F      G
               +---------+---------+-------+---------+---------+-------+---------
         Total |       0 |   31677 |   0.0 |       0 |     383 |   0.0 |  9944
               +---------+---------+-------+---------+---------+-------+---------
           D:1 |       0 |      26 |   0.0 |       0 |      15 |   0.0 |   464
           D:2 |       0 |     165 |   0.0 |       0 |      36 |   0.0 |  1069
           D:3 |       0 |      28 |   0.0 |       0 |      12 |   0.0 |   796
           D:4 |       0 |      83 |   0.0 |       0 |      13 |   0.0 |   710
           D:5 |       0 |     332 |   0.0 |       0 |       7 |   0.0 |   568
           D:6 |       0 |     504 |   0.0 |       0 |      21 |   0.0 |   946
           D:7 |       0 |    2872 |   0.0 |       0 |      43 |   0.0 |  1276
           D:8 |       0 |    6415 |   0.0 |       0 |      79 |   0.0 |  1535
           D:9 |       0 |    4497 |   0.0 |       0 |      45 |   0.0 |   821
          D:10 |       0 |    4346 |   0.0 |       0 |      41 |   0.0 |   648
          D:11 |       0 |    4970 |   0.0 |       0 |      26 |   0.0 |   680
          D:12 |       0 |    7439 |   0.0 |       0 |      45 |   0.0 |   420
               +---------+---------+-------+---------+---------+-------+---------
